 Dungeon Crawl Stone Soup version 0.31.0-9-g3a7656b989 (webtiles) character file.

Game seed: 13625720812235421731

8 Colgate the Poker (level 2, 24/24 HPs)
             Began as a Demonspawn Chaos Knight on Feb 3, 2024.
             Was a Plaything of Xom.
             Quit the game on level 1 of the Dungeon.
             The game lasted 00:00:08 (64 turns).

Colgate the Poker (Demonspawn Chaos Knight)           Turns: 64, Time: 00:00:09

Health: 24/24      AC:  5    Str: 12    XL:     2   Next: 0%
Magic:  2/2        EV: 11    Int: 12    God:    Xom [..*...]
Gold:   22         SH:  4    Dex: 12    Spells: 1/1 levels left

rFire   . . .        a - +0 spear (chaos)
rCold   . . .        (no shield)
rNeg    . . .        b - +2 leather armour
rPois   .            (no helmet)
rElec   .            (no cloak)
rCorr   .            (no gloves)
SInv    .            (no boots)
Will    .....        (no amulet)
Stlth   +            (no ring)
HPRegen 0.24/turn    (no ring)
MPRegen 0.08/turn

%: no passive effects
@: hasted, very quick
A: condensation shield
a: Renounce Religion


You were on level 1 of the Dungeon.
You worshipped Xom.
You were a toy of Xom.
You visited 1 branch of the dungeon, and saw 1 of its levels.

You collected 22 gold pieces.

Inventory:

Hand Weapons
 a - a +0 spear of chaos (weapon)
Armour
 b - a +2 leather armour (worn)
Scrolls
 c - a scroll of butterflies
Potions
 d - a potion of brilliance {unknown}


   Skills:
 - Level 3.0 Fighting
 + Level 3.2 Polearms
 - Level 1.7 Armour
 - Level 0.8 Dodging


You had one spell level left.
You didn't know any spells.
Your spell library was empty.

Dungeon Overview and Level Annotations

Branches:
Dungeon (1/15)

Altars:


Innate Abilities, Weirdness & Mutations

A meltable shield of frost defends you. (SH +4)


Message History

An endoplasm is nearby!
You reach to attack!
You hit the endoplasm. You burn the endoplasm.
You kill the endoplasm!
Key pressed, stopping explore.
No target in view!
Key pressed, stopping explore.
No target in view!
A quokka comes into view.
A quokka comes into view.
There are monsters nearby!
An endoplasm comes into view.
Found a scroll labelled FEM GUENOOGYZO.
There are monsters nearby!
You reach to attack!
You closely miss the quokka.
A kobold comes into view. It is wielding a +0 dagger.
There are monsters nearby!
You closely miss the quokka.
The kobold shouts!
The endoplasm quivers.
The quokka twitches its whiskers.
The quokka misses you.
There are monsters nearby!
You barely miss the quokka.
The kobold throws a stone.
The stone hits you but does no damage.
There are monsters nearby!
You barely miss the quokka. The quokka closely misses you.
The kobold throws a stone.
The stone barely misses you.
There are monsters nearby!
You closely miss the quokka. The quokka misses you.
There are monsters nearby!
You hit the quokka but do no damage. The quokka closely misses you.
There are monsters nearby!
You hit the quokka. You burn the quokka.
The quokka bites you but does no damage.
There are monsters nearby!
You hit the quokka. You freeze the quokka.
You kill the quokka!
You have reached level 2!
Your demonic ancestry asserts itself...
Frost condenses into a shield before you.
Are you sure you want to abandon this character and quit the game? (Confirm with "yes".)

# ##..).......#...
. #....##...##...
#. #.########.[...
#.####.######.
.....
#...#.........
#....
..#####.....######
.... ..........#.#
... .##.###.###.#
.......@# .#
.#....=..# .#
..#..#..J....
#..r.##.... ..?.##
##.... ....K ....
.... .#. ..? .


You could see an endoplasm, a quokka and a kobold.

Vanquished Creatures
  An endoplasm (D:1)
  2 goblins (D:1)
  2 kobolds (D:1)
  A quokka (D:1)
6 creatures vanquished.

Notes
Turn   | Place    | Note
-------+----------+-------------------------------------------
     0 | D:1      | Colgate the Demonspawn Chaos Knight began the quest for the
                  | Orb.
     0 | D:1      | Reached XP level 1. HP: 18/18 MP: 1/1
    15 | D:1      | XOM: potion effect (haste)
    64 | D:1      | Gained mutation: A meltable shield of frost defends you.
                  | (SH +4) [demonic ancestry]
    64 | D:1      | Reached XP level 2. HP: 24/24 MP: 2/2
    64 | D:1      | Quit the game

Illustrated notes

Levels and vault maps discovered:
D:1:      dpeg_arrival_connections, layout_rooms

Skill      XL: |  1 |
---------------+----+-----
Polearms       | 3 |  3.2
Fighting       | |  3.0
Armour         | |  1.7
Dodging        | |  0.8

Action                     || total
---------------------------++-------
  Melee: Spear             ||    22
 Armour: Leather armour    ||     4
  Dodge: Dodged            ||     8
